AoeStats
← schniggo

Nomad

509890894Analyzed
2v2 RM · 5d ago on Sep 28, 2026· 71m 20s· 4 players
Game mode
Random Map
Map size
176×176
Population
200
Speed
Normal
Resources
Standard
Victory
Conquest
Starting age
Dark Age
Ending age
Imperial Age
RankedLock teamsTeams togetherTeam positionsShared explorationLock speedFull tech treeHidden civsTurbo modeCheats
Victory
Defeat
🇩🇪 Malians · Germany
1204
+15
🇰🇷 Byzantines · South Korea
1190
+16
🇩🇪 Byzantines · Germany
1196
-16
🇩🇪 Wei · Germany
1178
-15
schniggo
4:07 Loom
13:33 Feudal Age
18:50 Castle Age
16:52 Stone Mining
20:13 Double-Bit Axe
20:47 Gold Mining
21:01 Horse Collar
23:17 Scale Barding Armor
23:57 Fishing Lines
26:41 Fletching
28:47 Chain Barding Armor
29:47 Forging
33:20 Iron Casting
32:40 Bodkin Arrow
34:30 Bow Saw
35:38 Husbandry
35:49 Bloodlines
38:10 Heavy Plow
40:55 Thumb Ring
41:36 Padded Archer Armor
41:39 Bodkin Arrow
48:03 Wheelbarrow
48:15 Gold Shaft Mining
49:17 Leather Archer Armor
52:46 Gillnets
53:57 Light Cavalry
58:22 Imperial Age
57:30 Scale Mail Armor
57:51 Pikeman
58:33 Squires
58:18 Arson
65:33 Wheelbarrow
65:06 Heavy Hei Guang Cavalry
66:22 Iron Casting
70:22 Blast Furnace
70:57 Conscription
JoeDreck
7:42 Loom
12:42 Feudal Age
13:43 Double-Bit Axe
19:46 Castle Age
17:46 Fishing Lines
18:27 Fletching
18:55 Padded Archer Armor
20:21 Wheelbarrow
20:35 Crossbowman
22:03 Bodkin Arrow
23:16 Bow Saw
24:24 Ballistics
23:53 Horse Collar
30:31 Gold Mining
30:34 Stone Mining
32:43 Hand Cart
33:04 Husbandry
33:10 Scale Barding Armor
33:16 Forging
33:43 Forging
35:20 Leather Archer Armor
35:29 Chain Barding Armor
36:34 Gillnets
37:42 Leather Archer Armor
38:03 Iron Casting
38:05 Thumb Ring
41:25 Imperial Age
41:29 Heavy Camel Rider
42:45 Plate Barding Armor
42:12 Bracer
42:42 Ring Archer Armor
41:34 Arbalester
43:44 Chemistry
44:32 Murder Holes
47:17 Light Cavalry
50:05 Hussar
50:46 Elite Skirmisher
62:15 Conscription
62:06 Logistica
70:02 Heavy Plow
Azedo94
4:48 Loom
13:21 Feudal Age
17:43 Castle Age
18:13 Fletching
19:25 Padded Archer Armor
20:40 Bodkin Arrow
21:11 Ballistics
38:21 Imperial Age
38:26 Pikeman
39:07 Squires
39:07 Double-Bit Axe
39:03 Horse Collar
40:03 Scale Mail Armor
40:14 Forging
50:59 Leather Archer Armor
52:37 Gold Mining
52:37 Stone Mining
55:39 Chain Mail Armor
55:56 Ring Archer Armor
56:29 Chemistry
57:30 Bloodlines
57:18 Light Cavalry
58:15 Scale Barding Armor
58:45 Iron Casting
60:21 Cavalier
62:37 Chain Barding Armor
71:03 Plate Barding Armor
Goembal
3:16 Loom
13:41 Feudal Age
18:34 Castle Age
17:12 Double-Bit Axe
17:35 Horse Collar
18:36 Gold Mining
19:44 Bow Saw
20:00 Light Cavalry
21:56 Husbandry
22:47 Scale Barding Armor
24:13 Chain Barding Armor
25:09 Forging
29:12 Wheelbarrow
30:05 Iron Casting
29:58 Sanctity
30:12 Fletching
34:08 Fervor
38:05 Imperial Age
36:23 Pikeman
37:03 Squires
37:44 Heavy Plow
38:10 Cavalier
38:29 Heavy Camel Rider
40:04 Plate Barding Armor
41:01 Two-Man Saw
41:07 Gold Shaft Mining
40:44 Capped Ram
42:19 Arson
41:58 Halberdier
42:41 Scale Mail Armor
44:12 Chain Mail Armor
44:15 Hand Cart
46:21 Stone Mining
48:12 Plate Mail Armor
47:50 Man-at-Arms
48:15 Gambesons
49:38 Guilds
48:51 Long Swordsman
49:01 Hussar
51:30 Stone Shaft Mining
51:41 Crop Rotation
51:31 Siege Ram
52:51 Treadmill Crane
52:57 Two-Handed Swordsman
57:08 Murder Holes
57:40 Ballistics
57:17 Bodkin Arrow
59:47 Conscription
64:18 Champion
65:01 Bracer
66:11 Chemistry
66:03 Hoardings
Connection lost

Rejoining the realm…

Still unreachable

The connection could not be restored.

Session expired

The server has moved on; the page needs a fresh start.